AoeStats
← GORGORY

Arena

506246960Analyzed
1v1 RM · 20d ago on Sep 12, 2026· 49m 41s· 2 players
Game mode
Random Map
Map size
Tiny (2 player)
Population
200
Speed
Normal
Resources
Standard
Victory
Conquest
Starting age
Dark Age
Ending age
Imperial Age
RankedLock teamsTeams togetherTeam positionsShared explorationLock speedFull tech treeHidden civsTurbo modeCheats
Victory
Defeat
🇺🇸 Persians · United States
1006
+16
🇦🇷 Ethiopians · Argentina
1000
-16
GORGORY
5:49 Loom
9:05 Feudal Age
9:30 Double-Bit Axe
9:26 Horse Collar
13:55 Wheelbarrow
17:14 Castle Age
16:03 Stone Mining
16:28 Gold Mining
18:52 Fervor
19:33 Bow Saw
19:28 Heavy Plow
20:19 Fervor
21:56 Town Watch
26:48 Squires
26:33 Arson
27:01 Forging
26:51 Scale Mail Armor
27:40 Murder Holes
28:45 Iron Casting
28:55 Royal Heirs
32:43 Ballistics
33:42 Hand Cart
33:59 Chain Mail Armor
35:07 Town Patrol
35:19 Elite Skirmisher
36:04 Thumb Ring
35:50 Fletching
36:01 Padded Archer Armor
37:22 Gold Shaft Mining
39:54 Imperial Age
39:12 Stone Shaft Mining
38:55 Leather Archer Armor
38:44 Bodkin Arrow
41:08 Conscription
40:16 Elite Shotel Warrior
42:47 Two-Man Saw
42:34 Capped Ram
43:08 Crossbowman
44:09 Bracer
44:39 Ring Archer Armor
45:29 Arbalester
45:49 Arbalester
46:15 Halberdier
48:10 Blast Furnace
47:40 Plate Mail Armor
Wizard Tusk
10:33 Feudal Age
11:01 Loom
11:03 Double-Bit Axe
16:42 Castle Age
16:15 Horse Collar
17:27 Bow Saw
22:21 Heavy Plow
24:14 Wheelbarrow
25:45 Forging
27:01 Hand Cart
27:22 Fletching
27:39 Gold Mining
28:33 Bodkin Arrow
29:43 Gold Shaft Mining
29:21 Padded Archer Armor
30:28 Ballistics
30:18 Thumb Ring
31:07 Parthian Tactics
31:25 Leather Archer Armor
34:43 Imperial Age
32:45 Masonry
32:45 Stone Mining
37:28 Ring Archer Armor
38:36 Chemistry
38:15 Crop Rotation
38:42 Conscription
42:38 Architecture
42:17 Cavalier
47:26 Heavy Cavalry Archer
Connection lost

Rejoining the realm…

Still unreachable

The connection could not be restored.

Session expired

The server has moved on; the page needs a fresh start.